 Dungeon Crawl Stone Soup version 0.18.1-8-gdd0e5ea (webtiles) character file.

2975 tyvek the Cleaver (level 9, -7/81 HPs)
             Began as a Minotaur Fighter on May 24, 2016.
             Was a Believer of Okawaru.
             Mangled by JirkfaceJones's ghost (11 damage)
             ... on level 8 of the Dungeon.
             The game lasted 00:10:44 (6540 turns).

tyvek the Cleaver (Minotaur Fighter)                Turns: 6540, Time: 00:10:45

Health: -7/81      AC: 14    Str: 30    XL:     9   Next: 53%
Magic:  10/10      EV:  6    Int:  5    God:    Okawaru [**....]
Gold:   447        SH: 18    Dex:  9    Spells: 0 memorised, 8 levels left

rFire  . . .     SeeInvis .     a - +1 war axe
rCold  . . .     Gourm    .     B - +0 plate armour
rNeg   + . .     Faith    .     c - +1 shield
rPois  .         Spirit   .     (helmet restricted)
rElec  .         Dismiss  .     (no cloak)
rCorr  .         Reflect  +     (no gloves)
SustAt .         Harm     .     u - +0 pair of boots
MR     .....                    o - +5 amulet of reflection
Stlth  ..........               (no ring)
                                s - ring of positive energy {rN+}

@: mighty, very slightly contaminated, hasted, invisible, very quick, not
resistant to hostile enchantments, extremely unstealthy
A: retaliatory headbutt, horns 2
a: Heroism, Renounce Religion


You were on level 8 of the Dungeon.
You worshipped Okawaru.
Okawaru was pleased with you.
You were hungry.

You visited 1 branch of the dungeon, and saw 8 of its levels.
You also visited: Sewer.

You collected 447 gold pieces.

Inventory:

Hand Weapons
 a - a +1 war axe (weapon)
Missiles
 D - a throwing net {=f, !d}
Armour
 c - a +1 shield (worn)
 u - a +0 pair of boots (worn)
   (You found it on level 5 of the Dungeon)
 B - a +0 plate armour (worn)
   (You took it off an orc warrior on level 8 of the Dungeon)
Jewellery
 o - a +5 amulet of reflection (around neck)
   (You found it on level 4 of the Dungeon)
 s - a ring of positive energy (left hand) {rN+}
   (You found it on level 5 of the Dungeon)
Scrolls
 d - 5 scrolls of teleportation
 g - a scroll of magic mapping {!r}
 j - 2 scrolls of enchant armour
 k - 4 scrolls of amnesia
 l - 8 scrolls of remove curse
Potions
 e - 2 potions of heal wounds
 h - 2 potions of lignification {unknown}
 m - 3 potions of haste
 n - 2 potions of magic
 x - a potion of agility {unknown}
Books
 w - a book of Cantrips
   (You found it on level 5 of the Dungeon)
Comestibles
 b - 7 meat rations {@e2}
 f - 6 bread rations {@e1}
 i - a slice of pizza
 t - 2 chunks of flesh {@w0}
 E - 6 beef jerkies


   Skills:
 + Level 8.0 Fighting
 + Level 9.2 Axes
 + Level 7.8 Armour
 + Level 8.2 Shields
 + Level 3.6 Invocations


You had 8 spell levels left.
You didn't know any spells.

Dungeon Overview and Level Annotations

Branches:
Dungeon (8/15)             Temple (0/1) D:6
   Lair: D:8-11

Altars:
Kikubaaqudgha
Makhleb
Nemelex Xobeh
Okawaru
Ru
Xom
Yredelemnul
The Shining One

Shops:
D:4 ?

Annotations:
D:8 JirkfaceJones's ghost, novice MiHu


Innate Abilities, Weirdness & Mutations

You reflexively headbutt those who attack you in melee.
You have a pair of horns on your head.


Message History

an enchanted battleaxe
b - 7 meat rations {@e2} (gained 1) JirkfaceJones's ghost (novice Minotaur Hunter) comes into view.
It is wielding a weapon of electrocution.
You regained 2 hp, and now have 67/81 hp.
You don't know any spells.
You gain the combat prowess of a mighty hero.
You feel slightly more hungry.
You now have 8/10 mp.
You block JirkfaceJones's ghost's attack.
You closely miss JirkfaceJones's ghost. You headbutt JirkfaceJones's ghost.
You closely miss JirkfaceJones's ghost.
You headbutt JirkfaceJones's ghost, but do no damage.
JirkfaceJones's ghost hits you!
You take 7 damage, and have 62/81 hp.
You hit JirkfaceJones's ghost.
You block JirkfaceJones's ghost's attack.
You closely miss JirkfaceJones's ghost. JirkfaceJones's ghost hits you!
You are electrocuted!
You take 19 damage, and have 43/81 hp.
MASSIVE DAMAGE!!
Drink which item? (? for menu, Esc to quit)
You fade into invisibility!
JirkfaceJones's ghost barely misses you.
You are very lightly contaminated with residual magic.
You hit JirkfaceJones's ghost. You headbutt JirkfaceJones's ghost.
You are feeling hungry.
You hit JirkfaceJones's ghost but do no damage.
You headbutt JirkfaceJones's ghost, but do no damage.
JirkfaceJones's ghost hits you!
You take 10 damage, and have 33/81 hp.
You hit JirkfaceJones's ghost.
You block JirkfaceJones's ghost's attack.
You slash JirkfaceJones's ghost!
JirkfaceJones's ghost closely misses you.
You furiously retaliate!
You headbutt JirkfaceJones's ghost.
Your plate armour prevents you from hitting JirkfaceJones's ghost.
JirkfaceJones's ghost hits you.
You closely miss JirkfaceJones's ghost. You closely miss JirkfaceJones's ghost.
You block JirkfaceJones's ghost's attack.
You closely miss JirkfaceJones's ghost.
You feel like a meek peon again.
You block JirkfaceJones's ghost's attack.
You strike the helpless JirkfaceJones's ghost from behind!
You hit JirkfaceJones's ghost but do no damage.
You headbutt JirkfaceJones's ghost. JirkfaceJones's ghost hits you!
* * * LOW HITPOINT WARNING * * *
You are electrocuted!
* * * LOW HITPOINT WARNING * * *
You take 26 damage, and have 7/81 hp.
MASSIVE DAMAGE!!
MP restored: 10 Drink which item? (? for menu, Esc to quit)
You feel much better.
You block JirkfaceJones's ghost's attack.
You regained 25 hp, and now have 33/81 hp.
You completely miss JirkfaceJones's ghost.
Your headbutt misses JirkfaceJones's ghost.
JirkfaceJones's ghost hits you but does no damage.
Drink which item? (? for menu, Esc to quit)
You feel very mighty all of a sudden.
You block JirkfaceJones's ghost's attack.
You hit JirkfaceJones's ghost but do no damage.
Your headbutt misses JirkfaceJones's ghost.
JirkfaceJones's ghost hits you but does no damage.
You slice JirkfaceJones's ghost!!
JirkfaceJones's ghost hits you but does no damage.
You are electrocuted!
* * * LOW HITPOINT WARNING * * *
JirkfaceJones's ghost hits you.
* * * LOW HITPOINT WARNING * * *
You take 22 damage, and have 11/81 hp.
MASSIVE DAMAGE!!
Items here: ) / [[ | the +2 ring mail "Botewoc" {Regen+ Dex+3} a thick jewelled staff; a +0 chain mail; a wand of slowing an enchanted battleaxe Drink which item? (? for menu, Esc to quit)
You feel yourself speed up.
You block JirkfaceJones's ghost's attack.
Drink which item? (? for menu, Esc to quit)
You feel much better.
You regained 20 hp, and now have 31/81 hp.
You closely miss JirkfaceJones's ghost.
JirkfaceJones's ghost hits you but does no damage.
You are electrocuted!
* * * LOW HITPOINT WARNING * * *
You take 14 damage, and have 17/81 hp.
You slash JirkfaceJones's ghost!
You block JirkfaceJones's ghost's attack.
You barely miss JirkfaceJones's ghost.
JirkfaceJones's ghost whispers, "They're coming for you..."
You block JirkfaceJones's ghost's attack.
You hit JirkfaceJones's ghost but do no damage.
You headbutt JirkfaceJones's ghost.
You hit JirkfaceJones's ghost but do no damage.
JirkfaceJones's ghost hits you!
* * * LOW HITPOINT WARNING * * *
You are electrocuted!
You die...

... .... ... ...# ....
...##.... #....... #§
#.....###
#.#.###########.#.....#
#(..))@W...............
###.###########.#####.
#§ ##.# #####..#
#.....## #.#####
####.#... #....#.#
##......#


You could see JirkfaceJones's ghost.

Vanquished Creatures
  The ghost of Jojapa the Destroyer, a novice DEWz (D:5)
  A two-headed ogre (D:8)
  A hungry ghost (D:8)
  The ghost of a7mans the Gusty, an amateur HaAE (D:3)
  2 orc warriors
  3 phantoms
  4 ogres
  A centaur (D:6)
  3 giant frogs
  2 scorpions
  3 howler monkeys
  3 crimson imps (D:5)
  A centaur zombie (D:7)
  A jelly (D:5)
  2 orc wizards
  An orc priest (D:4)
  4 hounds
  4 iguanas
  Natasha (thrice) (D:3)
  2 worker ants
  8 gnolls
  12 adders
  3 river rats
  A white imp (D:7)
  2 oozes
  2 adder zombies
  3 worms
  2 dart slugs
  4 giant geckos
  17 orcs
  7 ball pythons
  9 giant cockroaches
  7 goblins
  12 hobgoblins
  5 jackals
  3 quokkas
  A ball python zombie (D:5)
  9 bats
  A giant gecko zombie (D:7)
  14 giant newts
  A goblin skeleton (D:7)
  A goblin zombie (D:7)
  4 hobgoblin zombies (D:7)
  A jackal zombie (D:5)
  5 kobolds
  A kobold zombie (D:7)
  2 orc skeletons (D:7)
  2 orc zombies (D:7)
  17 rats
199 creatures vanquished.

Vanquished Creatures (others)
  An orc (D:7)
1 creature vanquished.

Grand Total: 200 creatures vanquished

Notes
Turn   | Place    | Note
--------------------------------------------------------------
     0 | D:1      | tyvek the Minotaur Fighter began the quest for the Orb.
     0 | D:1      | Reached XP level 1. HP: 19/19 MP: 0/0
   164 | D:1      | Reached skill level 3 in Axes
   169 | D:1      | Reached XP level 2. HP: 27/27 MP: 1/1
   380 | D:1      | Reached skill level 4 in Shields
   508 | D:1      | Reached XP level 3. HP: 33/33 MP: 2/2
  1049 | D:2      | Reached skill level 4 in Fighting
  1054 | D:2      | Found a glowing golden altar of the Shining One.
  1063 | D:2      | Found a basalt altar of Yredelemnul.
  1122 | D:2      | Reached skill level 4 in Armour
  1141 | D:2      | Reached XP level 4. HP: 38/40 MP: 3/3
  1477 | D:2      | Noticed a profane servitor
  1485 | D:2      | Noticed an angel
  1550 | D:3      | Reached skill level 4 in Axes
  1556 | D:3      | Reached XP level 5. HP: 44/46 MP: 4/4
  1575 | D:3      | Noticed Natasha
  1582 | D:3      | Killed Natasha
  1587 | D:3      | Noticed a7mans's ghost (amateur HaAE)
  1588 | D:3      | Noticed Natasha
  1604 | D:3      | HP: 9/47 [a7mans's ghost/zap (10)]
  1605 | D:3      | Killed Natasha
  1610 | D:3      | HP: 7/47 [a7mans's ghost (3)]
  1611 | D:3      | Killed a7mans's ghost
  1611 | D:3      | Reached skill level 5 in Axes
  1611 | D:3      | Reached skill level 5 in Shields
  1611 | D:3      | Reached XP level 6. HP: 8/53 MP: 5/5
  1611 | D:3      | HP: 3/53 [river rat (5)]
  1612 | D:3      | Noticed Natasha
  1618 | D:3      | HP: 10/55 [Natasha/magic dart (5)]
  1620 | D:3      | Killed Natasha
  1620 | D:3      | Reached skill level 5 in Armour
  1673 | D:3      | Found a glowing drain.
  1677 | D:3      | Reached skill level 5 in Fighting
  1710 | Sewer    | Entered a sewer
  2518 | D:3      | Found a sacrificial altar of Ru.
  2648 | D:4      | Found Kiuph's Magic Scroll Shoppe.
  2720 | D:4      | Reached XP level 7. HP: 42/61 MP: 6/6
  2760 | D:4      | Reached skill level 6 in Axes
  3588 | D:5      | Entered Level 5 of the Dungeon
  3769 | D:5      | Reached skill level 6 in Shields
  3941 | D:5      | Noticed Jojapa's ghost (novice DEWz)
  3959 | D:5      | Killed Jojapa's ghost
  3959 | D:5      | Reached skill level 6 in Fighting
  3959 | D:5      | Reached skill level 7 in Axes
  3959 | D:5      | Reached skill level 6 in Armour
  3959 | D:5      | Reached XP level 8. HP: 60/70 MP: 7/7
  4283 | D:5      | Found an iron altar of Okawaru.
  4315 | D:5      | Became a worshipper of Warmaster Okawaru
  4458 | D:5      | Reached skill level 8 in Axes
  4529 | D:5      | Reached skill level 7 in Shields
  4630 | D:6      | Found an ancient bone altar of Kikubaaqudgha.
  4661 | D:6      | Reached skill level 1 in Invocations
  4833 | D:6      | Reached * piety under Okawaru
  4833 | D:6      | Reached skill level 7 in Armour
  5021 | D:6      | Reached skill level 7 in Fighting
  5064 | D:6      | Found a staircase to the Ecumenical Temple.
  5282 | D:6      | Found a burning altar of Makhleb.
  5561 | D:7      | Found a shimmering altar of Xom.
  5568 | D:7      | Reached skill level 2 in Invocations
  5578 | D:7      | Found a glowing golden altar of the Shining One.
  5599 | D:7      | Got a sapphire-encrusted ring mail
  5610 | D:7      | Identified the +2 ring mail "Botewoc" {Regen+ Dex+3} (You found it on level 7 of the Dungeon)
  5769 | D:7      | Reached XP level 9. HP: 65/79 MP: 9/9
  6227 | D:8      | Found a sparkling altar of Nemelex Xobeh.
  6237 | D:8      | Reached ** piety under Okawaru
  6237 | D:8      | Reached skill level 9 in Axes
  6237 | D:8      | Reached skill level 3 in Invocations
  6303 | D:8      | Reached skill level 8 in Shields
  6462 | D:8      | Reached skill level 8 in Fighting
  6501 | D:8      | Noticed JirkfaceJones's ghost (novice MiHu)
  6522 | D:8      | HP: 7/81 [JirkfaceJones's ghost (15)]
  6531 | D:8      | HP: 16/81 [JirkfaceJones's ghost (18)]
  6536 | D:8      | HP: 17/81 [JirkfaceJones's ghost (15)]
  6540 | D:8      | HP: 4/81 [JirkfaceJones's ghost (13)]
  6540 | D:8      | Mangled by JirkfaceJones's ghost

Skill      XL: |  1  2  3  4  5  6  7  8  9 |
---------------+----------------------------+-----
Axes           | 3 4 5 7 8 9 |  9.2
Shields        | 4 5 6 7 8 |  8.2
Fighting       | 4 5 6 7 8 |  8.0
Armour         | 4 5 6 7 |  7.8
Invocations    | 2 3 |  3.6

Action                   |  1- 3 |  4- 6 |  7- 9 || total
-------------------------+-------+-------+-------++-------
Melee: War axe           |    99 |   173 |   344 ||   616
       Headbutt          |    10 |    23 |    57 ||    90
Invok: Heroism           |       |       |     1 ||     1
  Use: Potion            |       |     2 |     5 ||     7
       Scroll            |       |       |    16 ||    16
 Stab: Invisible         |       |       |     1 ||     1
  Eat: Chunk             |       |     4 |     8 ||    12
       Pizza             |       |     1 |     1 ||     2
       Bread ration      |       |       |     1 ||     1
Armor: Scale mail        |    45 |    66 |     6 ||   117
       Chain mail        |       |       |    49 ||    49
       Ring mail         |       |       |    16 ||    16
       Plate armour      |       |       |     4 ||     4
Dodge: Dodged            |    32 |    44 |    52 ||   128
Block: Shield            |    52 |   118 |   264 ||   434
       Reflection        |       |       |     5 ||     5

Vault maps used:
D:1:      dpeg_arrival_brainrot, minmay_rat_gold_closets
D:2:      grunt_temple_overflow_holy_war, minmay_misc_feat_doors
D:3:      lemuel_crystal_altar, portal_sewer_entry_b, grunt_ministairs_11,
          uniq_natasha
D:4:      first_bread, serial_shops, shop_fountains
D:5:      okawaru_ov_weapons_minmay, small_statue_intersection
D:6:      marbit_many_paths, kennysheep_little_box, minmay_temple_entry_poolview
D:7:      nicolae_overflow_hidden_temple, minmay_misc_feat_enclosed,
          grunt_ogre_cave, nicolae_tso_besieged_by_evil
D:8:      grunt_temple_overflow_forces_of_nature, nemelex_deck,
          old_standard_altar
Sewer:    sewer_co_cracked_pipes

Table legend:
 A = Turns spent in this place as a percentage of turns spent in the entire game.
 B = Non-inter-level travel turns spent in this place as a percentage of non-inter-level travel turns spent in the entire game.
 C = Inter-level travel turns spent in this place as a percentage of turns spent in this place.
 D = Turns resting spent in this place as a percentage of non-inter-level travel turns spent in this place.
 E = Turns spent auto-exploring this place as a percentage of non-inter-level travel turns spent in this place.
 F = Non-inter-level travel turns spent in this place divided by the number of levels of this place that you've seen.
                   A       B       C       D       E      F
               +-------+-------+-------+-------+-------+----------------------
         Total | 100.0 | 100.0 |   0.4 |   0.9 |  13.2 | 250.1
       Dungeon |  92.8 |  92.8 |   0.5 |   0.7 |  13.1 | 261.0
         Sewer |   7.2 |   7.2 |   0.0 |   3.7 |  14.1 | 163.0
               +-------+-------+-------+-------+-------+----------------------

Table legend:
 A = Kills in this place as a percentage of kills in entire the game.
 B = Kills by you in this place as a percentage of kills by you in the entire game.
 C = Kills by friends in this place as a percentage of kills by friends in the entire game.
 D = Other kills in this place as a percentage of other kills in the entire game.
 E = Experience gained in this place as a percentage of experience gained in the entire game.
 F = Experience gained in this place divided by the number of levels of this place that you have seen.
                   A       B       C       D       E      F
               +-------+-------+-------+-------+-------+----------------------
         Total | 100.0 | 100.0 |  -nan | 100.0 | 100.0 | 472.2
       Dungeon |  90.5 |  90.5 |  -nan | 100.0 |  98.9 | 525.6
         Sewer |   9.5 |   9.5 |  -nan |   0.0 |   1.1 |  45.0
               +-------+-------+-------+-------+-------+----------------------
